 Dungeon Crawl Stone Soup version 0.31-a0-640-g39d97e502b (webtiles) character file.

Game seed: 1995920958709450180

312 qw the Shooter (level 6, -5/38 HPs)
             Began as a Gargoyle Hunter on Aug 27, 2023.
             Slain by Grinder (8 damage)
             ... on level 3 of the Dungeon.
             The game lasted 00:00:52 (2110 turns).

qw the Shooter (Gargoyle Hunter)                    Turns: 2110, Time: 00:00:52

Health: -5/38      AC:  7    Str: 11 (14) XL:     6   Next: 42%
Magic:  6/6        EV: 11    Int:  8 (10) God:
Gold:   114        SH:  0    Dex: 12 (15) Spells: 5/5 levels left

rFire   + . .        Y - +0 shortbow
rCold   . . .        (shield currently unavailable)
rNeg    + . .        c - +0 leather armour
rPois   inf          (no helmet)
rElec   +            (no cloak)
rCorr   .            (no gloves)
SInv    .            (no boots)
Will    .....        (no amulet)
Stlth   +            f - ring of protection from fire
HPRegen 0.26/turn    (no ring)
MPRegen 0.10/turn

%: no passive effects
@: about to teleport
A: sickness immunity, AC +4, negative energy resistance 1, electricity
resistance, torment resistance 1, petrification resistance
a: no special abilities


You were on level 3 of the Dungeon.
You visited 1 branch of the dungeon, and saw 3 of its levels.

You collected 150 gold pieces.
You spent 36 gold pieces at shops.


Innate Abilities, Weirdness & Mutations

You are immune to sickness and miasma.
Your stone body is resilient. (AC +4)
You are immune to poison.
You resist negative energy. (rN+)
You are resistant to electric shocks. (rElec)
You are resistant to unholy torment.
You are immune to petrification.


   Skills:
 + Level 3.9 Fighting
 - Level 6.8 Ranged Weapons
 - Level 1.5 Dodging
 - Level 1.1 Stealth


You had 5 spell levels left.
You didn't know any spells.
Your spell library was empty.

Inventory:

Hand Weapons
 Y - a +0 shortbow (weapon)
Armour
 b - a +1 pair of gloves
 c - a +0 leather armour (worn)
 i - a +0 helmet
Jewellery
 f - a ring of protection from fire (left hand)
 g - a ring of wizardry
Scrolls
 a - a scroll of identify
 k - a scroll of enchant armour {unknown}
 l - a scroll of silence {unknown}
 m - a scroll of enchant weapon {unknown}
Potions
 d - 2 potions of curing
 e - a potion of enlightenment {unknown}
 h - a potion of might {unknown}

Dungeon Overview and Level Annotations

Branches:
Dungeon (3/15)

Altars:
Ru

Shops:
D:1 !

Annotations:
D:3 1 runed translucent door, Crazy Yiuf, Grinder


Message History

Grinder hits you.
You writhe in agony.
You shoot an arrow. The arrow hits Grinder.
Grinder is moderately wounded.
Grinder hits you.
You writhe in agony.
You shoot an arrow. The arrow barely misses Grinder.
Grinder gestures at you. You resist with significant effort.
You shoot an arrow.
The arrow hits Grinder but does no damage.
Grinder is moderately wounded.
Grinder gestures at you.
You suddenly lose the ability to move!
Grinder hits you!
You writhe in agony.
You can move again.
You shoot an arrow. The arrow hits Grinder.
Grinder is heavily wounded.
Grinder gestures at you. Pain shoots through your body!
Grinder says, "Wait up."
Grinder gestures at you. You resist with significant effort.
You shoot an arrow. The arrow barely misses Grinder.
Grinder barely misses you.
You shoot an arrow.
The arrow hits Grinder but does no damage.
Grinder is heavily wounded.
Grinder hits you.
You writhe in agony.
You shoot an arrow. The arrow closely misses Grinder.
Grinder closely misses you.
You shoot an arrow. The arrow hits Grinder.
Grinder is severely wounded.
Grinder hits you.
You writhe in agony.
2109 ||| READING scroll of teleportation.
As you read the scroll of teleportation, it crumbles to dust.
You feel strangely unstable. Grinder hits you.
You writhe in agony.
You shoot an arrow. The arrow closely misses Grinder.
Grinder hits you!
You die...
Grinder says, "Now the real fun starts!"

+### #######.#
#... #.5.....#
#... #@####
#... #.##.#
###. #....#
###... ####.#
#.#...
#.########.#...
#..........'###
#####.###.....#
#.# #######
#####.#


You could see Grinder.

Vanquished Creatures
  Sigmund (D:2)
  An orc wizard (D:3)
  Robin (D:3)
  4 gnolls
  2 adders
  A dart slug (D:1)
  4 ball pythons
  5 endoplasms
  2 giant cockroaches (D:1)
  7 goblins
  7 hobgoblins
  6 bats
  3 frilled lizards
  10 kobolds
  3 rats
57 creatures vanquished.

Notes
Turn   | Place    | Note
-------+----------+-------------------------------------------
     0 | D:1      | qw the Gargoyle Hunter began the quest for the Orb.
     0 | D:1      | Reached XP level 1. HP: 12/12 MP: 1/1
     0 | D:1      | 0 ||| qw: Version: 0.3-a-74-g0d5e918
     0 | D:1      | 0 ||| qw: Game counter: 99
     0 | D:1      | 0 ||| qw: Melee chars always use a shield: true
     0 | D:1      | 0 ||| qw: God list: Okawaru
     0 | D:1      | 0 ||| qw: Allow faded altars: false
     0 | D:1      | 0 ||| qw: Do Orc after clearing Dungeon:15 true
     0 | D:1      | 0 ||| qw: Do second Lair branch before Depths: true
     0 | D:1      | 0 ||| qw: Lair rune preference: random
     0 | D:1      | 0 ||| qw: Goals: Normal
     0 | D:1      | 0 ||| PLANNING D:1-11
    49 | D:1      | Reached XP level 2. HP: 17/17 MP: 2/2
   111 | D:1      | Reached XP level 3. HP: 21/21 MP: 3/3
   190 | D:1      | Reached skill level 5 in Ranged Weapons
   442 | D:1      | Found a faded altar of an unknown god.
   756 | D:1      | Found Sexahyat's Distillery.
   765 | D:1      | 765 ||| BUYING potion of curing (36 gold).
   765 | D:1      | Bought a potion of curing for 36 gold pieces
   765 | D:1      | 765 ||| SHOPLISTING potion of curing (36 gold, have 27).
   765 | D:1      | 765 ||| SHOPLISTING potion of enlightenment (60 gold, have
                  | 27).
   765 | D:1      | 765 ||| SHOPLISTING potion of haste (120 gold, have 27).
   765 | D:1      | 765 ||| SHOPLISTING potion of heal wounds (60 gold, have
                  | 27).
   832 | D:1      | 832 ||| UPGRADING to ring of protection from fire.
   833 | D:1      | 833 ||| READING scroll labelled DAPE PIUSIG.
   834 | D:1      | 834 ||| DROPPING scroll of butterflies.
   852 | D:2      | 852 ||| STAIRDANCE
   985 | D:2      | Reached skill level 3 in Fighting
  1045 | D:2      | 1045 ||| RETREATING.
  1050 | D:2      | Reached XP level 4. HP: 28/28 MP: 4/4
  1051 | D:2      | 1051 ||| Stepping ~*~*~tactically~*~*~ (outnumbered).
  1063 | D:2      | HP: 7/28 [gnoll/+0 spear (5)]
  1066 | D:2      | HP: 3/28 [gnoll/+0 spear (4)]
  1263 | D:2      | Noticed Sigmund
  1276 | D:2      | Killed Sigmund
  1277 | D:2      | Reached skill level 6 in Ranged Weapons
  1277 | D:2      | Reached XP level 5. HP: 26/32 MP: 5/5
  1277 | D:2      | Reached XP level 6. HP: 30/37 MP: 6/6
  1277 | D:2      | 1277 ||| FLEEEEING.
  1665 | D:2      | 1665 ||| READING 2 scrolls labelled ECZIWN TULUMUA.
  1666 | D:2      | 1666 ||| READING scroll labelled SUKHLA RIAJIF.
  1670 | D:2      | 1670 ||| DRINKING 2 cyan potions.
  1671 | D:2      | 1671 ||| DROPPING potion of degeneration.
  1742 | D:3      | Noticed Robin
  1754 | D:3      | Killed Robin
  1901 | D:3      | Found a sacrificial altar of Ru.
  2032 | D:3      | Found a runed translucent door.
  2033 | D:3      | Noticed Crazy Yiuf
  2086 | D:3      | Noticed Grinder
  2102 | D:3      | Paralysed by Grinder for 2 turns
  2108 | D:3      | HP: 8/38 [Grinder (2)]
  2109 | D:3      | 2109 ||| READING scroll of teleportation.
  2109 | D:3      | HP: 2/38 [Grinder (2)]
  2110 | D:3      | Slain by Grinder

Levels and vault maps discovered:
D:1:      eino_arrival_cavern_b, layout_basic,
          ebering_ecumenical_altar_abandoned, serial_shops, shop
D:2:      layout_basic, uniq_sigmund
D:3:      layout_basic, minmay_overflow_temple_hex,
          nicolae_ru_great_annihilating_truth, uniq_grinder,
          uniq_crazy_yiuf_cottage, uniq_robin

Skill      XL: |  1  2  3  4 |
---------------+-------------+-----
Ranged Weapons | 5 6 |  6.8
Fighting       | 3 |  3.9
Dodging        | |  1.5
Stealth        | |  1.1

Action                     |  1- 3 |  4- 6 || total
---------------------------+-------+-------++-------
   Fire: Shortbow          |   116 |   123 ||   239
    Use: Scroll            |     1 |     3 ||     4
         Potion            |       |     1 ||     1
 Armour: Leather armour    |    19 |    26 ||    45
  Dodge: Dodged            |    41 |    48 ||    89

Table legend:
 A = Non-vault XP
 B = Vault XP
 C = Vault XP percentage of total XP
 D = Non-vault monster count
 E = Vault monster count
 F = Vault count percentage of total count
                 A         B        C        D         E       F
            +---------+---------+-------+---------+---------+-------
      Total |     132 |     314 |  70.4 |      43 |      14 |  24.6
            +---------+---------+-------+---------+---------+-------
        D:1 |      57 |       0 |   0.0 |      27 |       0 |   0.0
        D:2 |      73 |     231 |  76.0 |      15 |       1 |   6.2
        D:3 |       2 |      83 |  97.6 |       1 |      13 |  92.9
            +---------+---------+-------+---------+---------+-------
